 Dungeon Crawl Stone Soup version 0.19-a0-1883-gc9e4fd8 (webtiles) character file.

140 JeffiDaFish the Sneak (level 5, 0/35 HPs)
             Began as a Vampire Enchanter on Oct 14, 2016.
             Slain by Natasha (9 damage)
             ... on level 2 of the Dungeon.
             The game lasted 00:06:42 (2281 turns).

JeffiDaFish the Sneak (Vampire Enchanter)           Turns: 2281, Time: 00:06:42

Health: 0/35       AC:  5    Str:  8    XL:     5   Next: 2%
Magic:  0/8        EV: 13    Int: 18    God:
Gold:   94         SH:  0    Dex: 14    Spells: 3 memorised, 2 levels left

rFire  . . .     SeeInvis +     a - +1 dagger
rCold  . . .     Gourm    .     b - +1 robe
rNeg   + . .     Faith    .     (no shield)
rPois  .         Spirit   .     (no helmet)
rElec  .         Dismiss  .     g - +1 cloak
rCorr  .         Reflect  .     (no gloves)
MR     .....     Harm     .     (no boots)
Stlth  +++.......               (no amulet)
                                (no ring)
                                (no ring)

@: no status effects
A: fangs 3, see invisible, unbreathing
a: Bat Form


You were on level 2 of the Dungeon.
You were not thirsty.

You visited 1 branch of the dungeon, and saw 2 of its levels.

You collected 94 gold pieces.

Inventory:

Hand Weapons
 a - a +1 dagger (weapon)
Armour
 b - a +1 robe (worn)
 g - a +1 cloak (worn)
Wands
 f - a wand of random effects (26/48)
Potions
 d - 18 potions of blood
 h - a potion of might
Books
 c - a book of Maledictions

   Spells                             Type                      Level
   a - Corona                         Hexes                        1
   b - Ensorcelled Hibernation        Hexes/Ice                    2
   c - Confuse                        Hexes                        3
   d - Tukima's Dance                 Hexes                        3
   e - Dazzling Spray                 Conjuration/Hexes            3


   Skills:
 + Level 2.3 Short Blades
 + Level 2.9 Dodging
 + Level 6.6 Stealth
 + Level 2.2 Spellcasting
 + Level 5.3 Hexes


You had 2 spell levels left.
You knew the following spells:

 Your Spells              Type           Power        Failure   Level  Hunger
a - Corona                Hex            ###....      1%          1    #......
b - Ensorcelled Hibernat  Hex/Ice        ##....       12%         2    ##.....
c - Confuse               Hex            ###.....     10%         3    ###....


Dungeon Overview and Level Annotations

Branches:
Dungeon (2/15)

Altars:

Annotations:
D:2 Natasha


Innate Abilities, Weirdness & Mutations

You have razor-sharp teeth.
You have supernaturally acute eyesight. (SInv)
You can survive without breathing.


Message History

Natasha misses you.
You hit Natasha. Your bite misses Natasha.
Natasha is severely wounded.
Natasha claws you!
* * * LOW HITPOINT WARNING * * *
You closely miss Natasha.
Natasha is severely wounded.
Natasha casts a spell at you. You resist with some effort.
Natasha casts a spell.
Casting: Ensorcelled Hibernation
Confirm with . or Enter, or press ? or * to list all spells.
Aiming: Ensorcelled Hibernation
Press: ? - help, Shift-Dir - straight line, f/p - Natasha
Aim: Natasha (severely wounded, chance to defeat MR: 42%) Natasha resists with some effort.
You hit Natasha but do no damage. You bite Natasha, but do no damage.
Natasha is severely wounded.
Natasha claws you!
You die...

####.##.# #.. #.#
.....##.# #.# #.#
#######.# ...
#.#### #.# #.#
#....# #.# #.#
####.# #.# #.#
#.# #.# #5# #.#
#.# #h# #.# #.#
#@# #.# #.# #.#
#.# #.# #.# #.#
#######.#
#.######## ##.##
.(......#
#........###...##
#########
######..>.....#.#
#...###.#.##
#.### ##.## #.#
###


You could see an iron imp and Natasha.

Vanquished Creatures
  Crazy Yiuf (D:2)
  Jessica (D:2)
  Natasha (D:2)
  An adder (D:2)
  An ooze (D:1)
  2 dart slugs
  2 giant cockroaches (D:2)
  3 goblins (D:2)
  8 hobgoblins
  6 bats
  8 frilled lizards
  8 kobolds
  6 rats
48 creatures vanquished.

Notes
Turn   | Place    | Note
-------+----------+-------------------------------------------
     0 | D:1      | JeffiDaFish the Vampire Enchanter began the quest for the Orb.
     0 | D:1      | Reached XP level 1. HP: 13/13 MP: 3/3
   739 | D:1      | Reached XP level 2. HP: 19/19 MP: 5/5
   757 | D:1      | Learned a level 2 spell: Ensorcelled Hibernation
   958 | D:1      | Reached skill level 5 in Stealth
  1094 | D:1      | Reached skill level 5 in Hexes
  1176 | D:1      | Reached XP level 3. HP: 24/24 MP: 6/6
  1522 | D:2      | Noticed Natasha
  1531 | D:2      | Killed Natasha
  1588 | D:2      | Noticed Jessica
  1602 | D:2      | Killed Jessica
  1602 | D:2      | Reached skill level 6 in Stealth
  1602 | D:2      | Reached XP level 4. HP: 16/30 MP: 4/7
  1898 | D:2      | Found a runed door.
  1906 | D:2      | Learned a level 3 spell: Confuse
  1906 | D:2      | Noticed Crazy Yiuf
  1910 | D:2      | Killed Crazy Yiuf
  2202 | D:2      | Reached XP level 5. HP: 35/35 MP: 8/8
  2259 | D:2      | Noticed Natasha
  2281 | D:2      | Slain by Natasha

Vault maps used:
D:1:      lightli_arrival_windingriver
D:2:      uniq_natasha, uniq_jessica, uniq_crazy_yiuf_cottage

Skill      XL: |  1  2  3 |
---------------+----------+-----
Stealth        | 5 6 |  6.6
Hexes          | 5 |  5.3
Short Blades   | 2 |  2.3
Dodging        | |  2.9
Spellcasting   | |  2.2

Action                   |  1- 3 |  4- 6 || total
-------------------------+-------+-------++-------
Melee: Dagger            |   109 |    50 ||   159
       Bite              |     9 |     5 ||    14
 Cast: Ensorcelled Hiber |     4 |     5 ||     9
  Use: Potion            |     8 |     3 ||    11
       Scroll            |     2 |     2 ||     4
 Stab: Sleeping          |     9 |     6 ||    15
Armor: Robe              |    19 |     7 ||    26
Dodge: Dodged            |    76 |    21 ||    97
